 Dungeon Crawl Stone Soup version 0.27-a0-797-g27d10ad80f (webtiles) character file.

Game seed: 11487804517960138061

96294 polve the Fencer (level 15, 0/129 HPs)
             Began as a Demonspawn Abyssal Knight on Mar 27, 2021.
             Was the Champion of Lugonu.
             Slain by a bunyip (22 damage)
             ... on level 3 of the Swamp.
             The game lasted 00:49:46 (33802 turns).

polve the Fencer (Demonspawn Abyssal Knight)       Turns: 33802, Time: 00:49:46

Health: 0/129      AC: 26    Str: 23    XL:     15   Next: 68%
Magic:  0/21       EV:  9    Int: 25    God:    Lugonu [******]
Gold:   1527       SH:  0    Dex: 14    Spells: 14/14 levels left

rFire    + . .     SeeInvis .   a - +7 triple sword (elec)
rCold    + . .     Faith    .   (shield currently unavailable)
rNeg     . . .     Spirit   +   R - +4 plate armour "Asolar" {rCorr Str-2 Dex+2}
rPois    +         Reflect  .   Y - +1 helmet "Iresi" {rPois}
rElec    .         Harm     .   c - +2 cloak {Will+}
rCorr    +         Rampage  .   n - +0 pair of gloves
Will     ++...                  (boots unavailable)
Stlth    ..........             o - amulet of guardian spirit
HPRegen  0.31/turn              i - ring "Jaops" {rF+ rC+ Str+6}
MPRegen  0.17/turn              U - ring "Paeqyh" {rF- Str+5 Int+6}

@: berserk cooldown, slowed, studying 4 skills, very slow
A: talons 3, molten scales 1, demonic guardian 1, fire resistance 1, spiny 2
a: Renounce Religion, Depart the Abyss, Bend Space, Banish, Corrupt, Enter the
Abyss, Brand Weapon With Distortion


You were on level 3 of the Swamp.
You worshipped Lugonu.
Lugonu was exalted by your worship.
You visited 4 branches of the dungeon, and saw 24 of its levels.
You visited the Abyss 1 time.
You visited 1 bazaar.
You also visited: Ossuary, Bailey and Ice Cave.

You collected 3444 gold pieces.
You spent 1917 gold pieces at shops.

Inventory:

Hand Weapons
 a - a +7 triple sword of electrocution (weapon)
 b - a +3 great sword of flaming
Armour
 c - a +2 cloak of willpower (worn)
 n - a +0 pair of gloves (worn)
 R - the +4 plate armour "Asolar" (worn) {rCorr Str-2 Dex+2}
   (You found it on level 5 of the Lair of Beasts)

   It affects your strength (-2).
   It affects your dexterity (+2).
   It provides partial protection from all sources of acid and corrosion.
 Y - the +1 helmet "Iresi" (worn) {rPois}
   (You bought it in a shop on level 10 of the Dungeon)

   It protects you from poison.
Jewellery
 i - the ring "Jaops" (left hand) {rF+ rC+ Str+6}
   (You bought it in a shop in a bazaar)

   [ring of strength]

   It affects your strength (+6).
   It protects you from fire.
   It protects you from cold.
 j - a ring of flight
 o - an amulet of guardian spirit (around neck)
 U - the ring "Paeqyh" (right hand) {rF- Str+5 Int+6}
   (You found it on level 5 of the Lair of Beasts)

   [ring of intelligence]

   It affects your strength (+5).
   It affects your intelligence (+6).
   It makes you vulnerable to fire.
Wands
 r - a wand of acid (29)
 y - a wand of mindburst (24)
 A - a wand of flame (49)
 C - a wand of iceblast (41)
 E - a wand of paralysis (16)
 G - a wand of random effects (23)
 J - a wand of polymorph (7)
 P - a wand of charming (12)
 S - a wand of digging (15)
Scrolls
 k - 3 scrolls of summoning
 m - 7 scrolls of teleportation
 p - 5 scrolls of fog
 q - 3 scrolls of fear
 s - 3 scrolls of magic mapping
 w - a scroll of identify
 B - 2 scrolls of enchant armour
 K - 2 scrolls of immolation
Potions
 d - 5 potions of ambrosia
 e - 5 potions of resistance
 f - a potion of degeneration {unknown}
 g - 3 potions of haste {unknown}
 h - 3 potions of flight {unknown}
 l - a potion of invisibility
 t - a potion of cancellation
 u - 4 potions of lignification
 z - 3 potions of magic
 D - 3 potions of might
 I - 2 potions of mutation
 M - 3 potions of brilliance
 O - 3 potions of curing
 Q - a potion of attraction


   Skills:
 + Level 15.0 Fighting
 * Level 19.2 Long Blades
 - Level 8.0 Armour
 - Level 5.0 Dodging
 - Level 4.0 Shields
 - Level 8.0 Invocations


You had 14 spell levels left.
You didn't know any spells.
Your spell library contained the following spells:

 Spells                   Type           Power      Damage    Failure   Level
 Apportation              Tloc           0%         N/A       88%         1
 Corona                   Hex            0%         N/A       88%         1
 Ensorcelled Hibernation  Hex/Ice        0%         N/A       96%         2
 Poisonous Vapours        Pois/Air       0%         N/A       96%         2
 Slow                     Hex            0%         N/A       96%         2
 Confusing Touch          Hex            0%         N/A       99%         3
 Conjure Flame            Conj/Fire      0%         6-21      99%         3
 Dazzling Flash           Conj/Hex       0%         N/A       99%         3
 Inner Flame              Hex/Fire       0%         N/A       99%         3
 Mephitic Cloud           Conj/Pois/Air  0%         N/A       99%         3
 Portal Projectile        Hex/Tloc       0%         N/A       99%         3
 Tukima's Dance           Hex            0%         N/A       99%         3
 Cause Fear               Hex            0%         N/A       100%        4
 Dispel Undead            Necr           0%         3d6       100%        4
 Leda's Liquefaction      Hex/Erth       0%         N/A       100%        4
 Silence                  Hex/Air        0%         N/A       100%        5
 Yara's Violent Unravell  Hex/Tmut       0%         3d3       100%        5
 Freezing Cloud           Conj/Ice/Air   0%         6-21      100%        6
 Malign Gateway           Summ/Tloc      0%         N/A       100%        7
 Discord                  Hex            0%         N/A       100%        8
 Disjunction              Tloc           0%         N/A       100%        8


Dungeon Overview and Level Annotations

Branches:
Dungeon (12/15)            Temple (0/1) D:5            Lair (6/6) D:8
  Swamp (4/4) Lair:3        Snake (0/4) Lair:3        Slime (0/5) Lair:6
    Orc (2/2) D:10            Elf (0/3) Orc:2       Ossuary (visited)
 Bailey (visited)           IceCv (visited)

Altars:
Cheibriados
Fedhas
Nemelex Xobeh
Trog
Wu Jian
Xom
Yredelemnul
Jiyva

Shops:
D:1 (   D:2 (   D:10 [(   Orc:2 ?:*=

Annotations:
D:3 exclusion: oklob plant
D:6 exclusion: oklob plant
Lair:3 exclusion: 2 oklob plants
Swamp:4 Mara


Innate Abilities, Weirdness & Mutations

You have claws for feet.
You are partially covered in molten scales. (AC +2)
A weak demonic guardian rushes to your aid.
Your flesh is heat resistant. (rF+)
You are mostly covered in sharp spines.


Message History

The bunyip claws you but does no damage.
The bunyip claws you!!
* * * LOW HITPOINT WARNING * * *
The bunyip claws you!
* * * LOW HITPOINT WARNING * * *
A demonic guardian appears!
You slash the bunyip! Lightning courses through the bunyip!
You kill the bunyip!
Lugonu accepts your kill.
Your Fighting skill increases to level 15!
You start resting.
A bunyip is nearby!
You enter the shallow water.
Moving in this stuff is going to be slow.
The bunyip howls a warning cry!
Press: ? - help, Shift-Dir - straight line, f - bunyip
Aim: a bunyip (chance to affect: 56%)
The bunyip resists with significant effort.
You don't have enough magic at the moment.
A red film seems to cover your vision as you go berserk!
You feel yourself moving faster!
You feel mighty! The bunyip claws your hellwing!!
The bunyip claws your hellwing. The bunyip barely misses your hellwing.
Your hellwing barely misses the bunyip.
Your hellwing closely misses the bunyip.
You feel a strong urge to attack something.
Your hellwing hits the bunyip.
Your hellwing hits the bunyip but does no damage.
You enter the shallow water.
Moving in this stuff is going to be slow.
You feel your anger nearly subside.
You are no longer berserk.
You are exhausted.
You feel yourself slow down.
Your hellwing hits the bunyip. x2
Your hellwing barely misses the bunyip.
Your hellwing hits the bunyip. You hit the bunyip.
You claw the bunyip, but do no damage.
The bunyip is moderately wounded.
The bunyip howls a warning cry!
The bunyip claws you.
* * * LOW HITPOINT WARNING * * *
A demonic guardian appears!
The bunyip claws you!!
You die...

♣♣♣ ♣♣♣♣♣♣♣♣♣≈♣♣
♣♣≈≈..♣≈..≈≈♣♣
♣≈..≈≈...≈≈.≈♣
♣♣≈.≈≈.♣≈≈..≈♣
♣♣♣.§4.≈≈≈≈♣♣
♣♣.≈≈≈≈♣♣♣♣♣
♣♣.4@§≈≈.♣♣.♣
♣≈≈≈x≈≈)...≈♣♣ ♣♣♣♣♣♣
♣♣.≈≈≈≈≈.≈≈)♣≈♣♣♣.≈†.♣
♣..≈≈.[†≈≈§[...♣.≈§≈♣♣
♣♣.≈.....≈≈≈...♣.≈≈≈♣♣
♣♣≈♣♣.....≈§.≈≈..≈≈.♣♣
♣.......≈...≈.≈≈≈≈≈.♣.
♣.≈§♣.≈≈≈≈≈.≈♣≈.§§≈.♣.
♣..≈....≈≈≈.♣♣♣≈.≈.≈♣i


You could see a bunyip (catching breath, ally target), a friendly hellwing
(summoned) and a friendly rust devil (summoned).

Vanquished Creatures
  A tentacled monstrosity (Swamp:3)
  A thorn hunter (Swamp:2)
  A fenstrider witch (Swamp:3)
  The ghost of Ymidutt the Blocker, a journeyman GnFi of Gozag (Lair:5)
  3 bunyips
  2 ettins (Orc:2)
  Snorg (Lair:4)
  An eleionoma (Swamp:2)
  5 hydras
  A catoblepas (Lair:6)
  2 ogre magi (Orc:2)
  2 boulder beetles
  Erica (Orc:1)
  A deep troll shaman (Lair:6)
  6 alligators
  2 death yaks (Lair:6)
  9 two-headed ogres
  2 deep trolls (Orc:2)
  5 spriggan druids
  2 bog bodies
  A swamp dragon (Swamp:2)
  A death drake (shapeshifter) (D:12)
  A deep elf pyromancer (D:12)
  A lindwurm (Lair:6)
  3 orc knights
  2 oklob plants (Lair:5)
  2 orc sorcerers
  2 ugly things (IceCv)
  5 cyclopes
  A will-o-the-wisp (Swamp:3)
  2 manticores
  13 elephants
  A guardian serpent (D:11)
  3 ice statues (IceCv)
  6 black mambas
  2 gargoyles
  2 rime drakes
  9 cane toads
  8 komodo dragons
  3 unseen horrors
  4 kobold demonologists
  2 ice devils (D:12)
  12 trolls
  A bloated husk (Swamp:1)
  4 tyrant leeches
  7 dream sheep (Lair:5)
  A queen bee (Lair:3)
  11 hornets
  4 polar bears
  15 blink frogs
  10 spriggans
  21 yaks
  5 wyverns (Lair:3)
  2 wraiths
  6 basilisks
  2 steam dragons
  2 vampire mosquitoes (D:12)
  4 wargs
  16 swamp worms
  2 acid dragons
  14 water moccasins
  23 orc warriors
  A swamp drake (Swamp:3)
  3 black bears
  6 ice beasts (IceCv)
  4 necrophages
  24 ogres
  4 centaurs
  12 wolves
  2 elf zombies (Ossuary)
  3 kobold brigands
  A gnoll sergeant (D:8)
  13 bullfrogs
  2 water moccasin skeletons (D:6)
  2 scorpions
  2 wyvern skeletons (D:7)
  34 killer bees
  5 electric eels
  8 wights
  3 howler monkeys (D:10)
  A bullfrog zombie (D:5)
  A hound (D:6)
  2 human zombies (Ossuary)
  6 jellies
  A centaur skeleton (D:2)
  2 centaur zombies
  8 orc priests
  A gnoll shaman (D:4)
  Crazy Yiuf (D:2)
  An iguana (D:6)
  Natasha (twice) (D:2)
  16 orc wizards
  A hound zombie (D:5)
  2 mummies (Ossuary)
  A howler monkey zombie (D:9)
  22 gnolls
  8 adders
  2 white imps
  An ufetubus (D:6)
  2 worms
  2 dart slugs (D:1)
  52 orcs
  23 endoplasms
  6 giant cockroaches
  2 gnoll zombies (D:7)
  11 goblins
  13 hobgoblins
  5 jackals (D:3)
  4 quokkas
  7 ball pythons
  6 bats
  3 frilled lizards
  A goblin zombie (Ossuary)
  9 hobgoblin zombies (Ossuary)
  A jackal zombie (Ossuary)
  15 kobolds
  10 kobold zombies (Ossuary)
  8 orc zombies (Ossuary)
  9 rats
  2 rat zombies (Ossuary)
  3 briar patches (Swamp:2)
687 creatures vanquished.

Vanquished Creatures (collateral kills)
  An elephant (Lair:6)
  A kobold demonologist (Bailey)
  A hornet (Swamp:3)
  A tyrant leech (Swamp:3)
  Grinder (D:3)
  2 blink frogs
  2 spriggans
  A swamp worm (Lair:3)
  An orc warrior (Orc:2)
  A kobold zombie (Ossuary)
12 creatures vanquished.

Vanquished Creatures (others)
  A death yak (Lair:6)
  Psyche (D:9)
  4 bloated husks
  A hornet (Swamp:1)
  A swamp drake (Swamp:1)
  A hobgoblin (Bailey)
  A bush (Lair:5)
  10 foxfires (Swamp:3)
  49 fungi
  62 plants
131 creatures vanquished.

Grand Total: 830 creatures vanquished

Notes
Turn   | Place    | Note
-------+----------+-------------------------------------------
     0 | Abyss:1  | polve the Demonspawn Abyssal Knight began the quest for the
                  | Orb.
     0 | Abyss:1  | Reached XP level 1. HP: 18/18 MP: 2/2
    29 | Abyss:1  | Noticed a large abomination
    40 | Abyss:1  | Noticed a small abomination
    42 | Abyss:1  | Noticed a sixfirhy
    79 | Abyss:2  | Noticed an eye of devastation
   106 | D:1      | Escaped the Abyss
   192 | D:1      | Found Hoonwopn's Antique Weapon Shoppe.
   197 | D:1      | Reached skill level 2 in Long Blades
   236 | D:1      | Gained mutation: You are partially covered in sharp spines.
                  | [demonic ancestry]
   236 | D:1      | Reached XP level 2. HP: 12/24 MP: 3/3
   236 | D:1      | Reached * piety under Lugonu
   597 | D:1      | Reached skill level 3 in Long Blades
   675 | D:1      | Found a shimmering altar of Xom.
   839 | D:1      | Reached XP level 3. HP: 26/29 MP: 4/4
  1026 | D:2      | Found Nomeqob's Antique Weapon Shoppe.
  1221 | D:2      | Found a runed translucent door.
  1222 | D:2      | Noticed Crazy Yiuf
  1228 | D:2      | Killed Crazy Yiuf
  1324 | D:2      | Reached skill level 4 in Long Blades
  1324 | D:2      | Reached XP level 4. HP: 35/35 MP: 5/5
  1489 | D:2      | Noticed Natasha
  1493 | D:2      | Killed Natasha
  1626 | D:2      | Noticed Natasha
  1630 | D:2      | Killed Natasha
  1631 | D:2      | Gained mutation: A weak demonic guardian rushes to your
                  | aid. [demonic ancestry]
  1631 | D:2      | Reached XP level 5. HP: 36/41 MP: 6/6
  1891 | D:3      | Found a blossoming altar of Fedhas.
  1892 | D:3      | Noticed Grinder
  1902 | D:3      | Killed Grinder
  1902 | D:3      | Reached ** piety under Lugonu
  1903 | D:3      | Reached skill level 6 in Long Blades
  1903 | D:3      | Gained mutation: You are partially covered in molten
                  | scales. (AC +2) [demonic ancestry]
  1903 | D:3      | Reached XP level 6. HP: 24/47 MP: 7/7
  2065 | D:3      | Noticed an oklob plant
  2236 | D:3      | Found a faded altar of an unknown god.
  2830 | D:4      | Reached skill level 7 in Long Blades
  2830 | D:4      | Gained mutation: You have sharp toenails. [demonic
                  | ancestry]
  2830 | D:4      | Reached XP level 7. HP: 39/52 MP: 8/8
  3072 | D:4      | You fall into a shaft and drop 1 floor!
  3072 | D:5      | Entered Level 5 of the Dungeon
  3322 | D:5      | Found a staircase to the Ecumenical Temple.
  3324 | D:5      | Found a snail-covered altar of Cheibriados.
  3640 | D:5      | Found a sand-covered staircase.
  3645 | Ossuary  | Entered an ossuary
  3754 | Ossuary  | Reached skill level 8 in Long Blades
  3758 | Ossuary  | Reached *** piety under Lugonu
  3769 | Ossuary  | HP: 1/78 [elf zombie (4)]
  4074 | D:5      | Reached XP level 8. HP: 58/58 MP: 9/9
  4399 | D:4      | Reached skill level 9 in Long Blades
  4566 | D:4      | Found a bloodstained altar of Trog.
  4955 | D:4      | Identified the +5 spear "Beetleslayer" {vorpal, rC+ Will-
                  | SInv}
  5116 | D:4      | Identified the Incunabulum of the Doomed Voyage
  5715 | D:6      | Reached **** piety under Lugonu
  5797 | D:6      | Reached skill level 5 in Invocations
  6028 | D:6      | Noticed an oklob plant
  6720 | D:7      | Gained mutation: You have razor-sharp toenails. [demonic
                  | ancestry]
  6720 | D:7      | Reached XP level 9. HP: 48/63 MP: 10/14
  6727 | D:7      | Reached skill level 1 in Dodging
  6943 | D:7      | Reached skill level 1 in Shields
  7277 | D:7      | Found a basalt altar of Yredelemnul.
  7694 | D:7      | Reached ***** piety under Lugonu
  8116 | D:8      | Found an ornate altar of the Wu Jian Council.
  8678 | D:8      | Found a staircase to the Lair.
  9687 | D:9      | Gained mutation: You are mostly covered in sharp spines.
                  | [demonic ancestry]
  9687 | D:9      | Reached XP level 10. HP: 73/73 MP: 12/16
  9693 | D:9      | Reached skill level 5 in Fighting
  9991 | D:9      | Noticed Psyche
  9998 | D:9      | Killed Psyche
 10171 | Lair:1   | Entered Level 1 of the Lair of Beasts
 10171 | Lair:1   | Noticed a cane toad
 10180 | Lair:1   | Killed a cane toad
 10348 | Lair:1   | Noticed a cane toad
 10358 | Lair:1   | Killed a cane toad
 10359 | Lair:1   | Reached skill level 5 in Armour
 10428 | Lair:1   | Noticed a cane toad
 10437 | Lair:1   | Killed a cane toad
 10671 | Lair:1   | Reached skill level 5 in Dodging
 10752 | Lair:1   | Noticed a black mamba
 10762 | Lair:1   | Killed a black mamba
 11806 | Lair:2   | Noticed a cane toad
 11837 | Lair:2   | Killed a cane toad
 11838 | Lair:2   | Gained mutation: You have claws for feet. [demonic
                  | ancestry]
 11838 | Lair:2   | Reached XP level 11. HP: 34/84 MP: 6/17
 13198 | Lair:2   | Reached skill level 10 in Long Blades
 13631 | Lair:2   | Found a sparkling altar of Nemelex Xobeh.
 13636 | Lair:2   | Noticed a four-headed hydra
 13638 | Lair:2   | Banished a four-headed hydra
 14057 | Lair:2   | Reached skill level 11 in Long Blades
 14201 | Lair:3   | Noticed a boulder beetle
 14676 | D:2      | Bought a glowing great sword for 228 gold pieces
 15102 | Lair:3   | Found a staircase to the Snake Pit.
 15520 | Lair:3   | Reached skill level 12 in Long Blades
 15535 | Lair:2   | Gained mutation: Your flesh is heat resistant. (rF+)
                  | [demonic ancestry]
 15535 | Lair:2   | Reached XP level 12. HP: 87/93 MP: 15/18
 15865 | Lair:3   | Reached skill level 13 in Long Blades
 15929 | Lair:3   | Identified the +0 pair of boots of the Orcish Mines {Will+
                  | Str+2 Int+6}
 16407 | Lair:3   | Reached ****** piety under Lugonu
 16557 | Lair:3   | Noticed a four-headed hydra
 16557 | Lair:3   | Noticed a seven-headed hydra
 16558 | Lair:3   | Banished a four-headed hydra
 16897 | Lair:2   | Killed a boulder beetle
 17119 | Lair:3   | Found a staircase to the Swamp.
 17429 | Lair:4   | Reached skill level 14 in Long Blades
 17835 | Lair:4   | Noticed Snorg
 17848 | Lair:4   | Killed Snorg
 18659 | Lair:5   | Identified the +4 plate armour "Asolar" {rCorr Str-2 Dex+2}
 18767 | Lair:5   | Reached skill level 10 in Fighting
 19026 | Lair:5   | Reached XP level 13. HP: 101/103 MP: 19/19
 19127 | Lair:5   | Identified the +7 spear of Corruption {vorpal, SInv}
 19128 | Lair:5   | Found a runed translucent door.
 19133 | Lair:5   | Noticed Ymidutt's ghost (journeyman GnFi)
 19213 | Lair:5   | You fall into a shaft and drop 1 floor!
 19213 | Lair:6   | Entered Level 6 of the Lair of Beasts
 19863 | Lair:5   | Identified the ring "Paeqyh" {rF- Str+5 Int+6}
 20129 | Lair:5   | Killed Ymidutt's ghost
 20662 | Lair:6   | Reached skill level 15 in Long Blades
 21444 | Lair:6   | Found a viscous altar of Jiyva.
 21444 | Lair:6   | Found a staircase to the Slime Pits.
 22024 | Lair:6   | Reached skill level 16 in Long Blades
 22404 | D:10     | Entered Level 10 of the Dungeon
 22592 | D:10     | Found Moes's Weapon Emporium.
 22596 | D:10     | Found a staircase to the Orcish Mines.
 22623 | D:10     | Found Apoumpid's Armour Emporium.
 22642 | D:10     | Bought the +1 helmet "Iresi" {rPois} for 248 gold pieces
 24228 | D:11     | Reached XP level 14. HP: 86/110 MP: 15/20
 24504 | D:11     | Found a flickering gateway to a bazaar.
 24513 | Bazaar   | Entered a bazaar
 24515 | Bazaar   | Found Kij Odyx's Weapon Boutique.
 24519 | Bazaar   | Found Roudae's Antique Weapon Boutique.
 24519 | Bazaar   | Found Upot's Jewellery Boutique.
 24520 | Bazaar   | Found Ejonuw's Assorted Antiques.
 24530 | Bazaar   | Bought a glowing triple sword for 390 gold pieces
 24535 | Bazaar   | Bought a scroll labelled GALUTA ZADWIU for 18 gold pieces
 24543 | Bazaar   | Identified 2 scrolls of acquirement
 24551 | Bazaar   | Acquired a manual of Fighting
 24552 | Bazaar   | Acquired 1142 gold pieces
 24558 | Bazaar   | Bought the ring "Jaops" {rF+ rC+ Str+6} for 1033 gold
                  | pieces
 24634 | D:12     | Found a frozen archway.
 24650 | IceCv    | Entered an ice cave
 24979 | IceCv    | Identified the +1 ice dragon scales "Guidgh" {rF- rC++
                  | Int+4}
 24983 | IceCv    | Identified the +5 pair of boots of Tulips {Str+3}
 25081 | D:12     | Reached skill level 17 in Long Blades
 26175 | Orc:1    | Entered Level 1 of the Orcish Mines
 26175 | Orc:1    | Noticed Erica
 26184 | Orc:1    | Killed Erica
 26343 | Orc:2    | Entered Level 2 of the Orcish Mines
 26791 | Orc:1    | Found a flagged portal.
 26798 | Bailey   | Entered a bailey
 26872 | Bailey   | Found an iron altar of Okawaru.
 28133 | Orc:2    | Found Daomn's Book Shoppe.
 28134 | Orc:2    | Found Ucseke's Jewellery Emporium.
 28138 | Orc:2    | Reached skill level 18 in Long Blades
 28204 | Orc:2    | Found Taeferok's Magic Scroll Boutique.
 28212 | Orc:2    | Found Wiptoef's General Store.
 28696 | Orc:2    | Found a staircase to the Elven Halls.
 29278 | Lair:1   | Acquired a manual of Fire Magic
 29279 | Lair:1   | Acquired a manual of Dodging
 29280 | Lair:1   | Acquired a manual of Invocations
 29496 | Swamp:1  | Entered Level 1 of the Swamp
 29506 | Lair:3   | Reached XP level 15. HP: 70/123 MP: 12/21
 30783 | Swamp:2  | Noticed a thorn hunter
 30799 | Swamp:2  | Killed a thorn hunter
 31860 | Swamp:2  | You fall into a shaft and drop 1 floor!
 32170 | Swamp:3  | Noticed a fenstrider witch
 32175 | Swamp:3  | Killed a fenstrider witch
 32384 | Swamp:2  | Reached skill level 19 in Long Blades
 32576 | Swamp:3  | Noticed a tentacled monstrosity
 32592 | Swamp:3  | Killed a tentacled monstrosity
 33325 | Swamp:4  | Entered Level 4 of the Swamp
 33512 | Swamp:4  | Noticed Mara
 33514 | Swamp:4  | Noticed polve's illusion
 33788 | Swamp:3  | Reached skill level 15 in Fighting
 33802 | Swamp:3  | Slain by a bunyip

Illustrated notes

Levels and vault maps discovered:
D:1:      eino_arrival_cavern_e, layout_basic, serial_shops, shop,
          xom_teletrap_fun
D:2:      layout_rooms, serial_shops, shop, serial_park_tiny_pond, uniq_natasha,
          uniq_crazy_yiuf_cottage
D:3:      layout_loops_ring, tgw_fedhas, chequers_ecumenical_altar_simple,
          minmay_door_square, minmay_checkerbox, uniq_grinder
D:4:      layout_basic, bloody_trog, serial_corexii_hall,
          corexii_hall_statues_l, corexii_hall_statues_x,
          corexii_hall_statues_x, corexii_hall_statues_s,
          corexii_hall_statues_s, corexii_hall_statues_i,
          grunt_decor_resistance, kennysheep_potato
D:5:      layout_basic, overflow_temple_1_default, minmay_temple_entry_waves,
          enter_ossuary_5
D:6:      lemuel_slime, layout_basic, serial_rivers,
          chequers_serial_rivers_micro_b, chequers_serial_rivers_large_b,
          chequers_serial_rivers_micro_c, chequers_serial_rivers_micro_e
D:7:      layout_basic, lemuel_zombie_altar_yredelemnul
D:8:      layout_layer_cave, nicolae_wu_jian_immortal_techniques,
          grunt_lair_entry_orc_guard_hut, corexii_corridor_pit
D:9:      layout_irregular_city, uniq_psyche
D:10:     layout_basic, orc_david_3
D:11:     layout_long_grid, serial_shops, bzr_firewalk, hex_tiny,
          nrook_guardian_serpent_double
D:12:     nzn_winding_woodlands_small [nzn_winding_woodlands_5x15_crooked,
          nzn_winding_woodlands_center_diamonds,
          nzn_winding_woodlands_5x15_split_checker], layout_cave_pools,
          portal_ice_cave_demonic_guard
Lair:1:   layout_regular_city, minivault_24
Lair:2:   layout_cellular_growth, lemuel_altar_in_water2,
          infiniplex_staircase_pool_2, grunt_megastairs_1, serial_bayou_shore_a
Lair:3:   regret_index_harrowing_hell_hive, layout_concentric_octagons,
          palyth_hydra_swamp_entry, dummy_snake_entry
Lair:4:   layout_gridlike, uniq_snorg
Lair:5:   layout_long_grid, ebering_ghost_funeral_grove, lemuel_fruit_tree,
          minmay_lair_oklob_chamber, infiniplex_staircase_pool,
          lemuel_fruit_fields
Lair:6:   grunt_lair_end_beastmaster, layout_small_grid,
          dpeg_slime_entry_enclosed_altar, lemuel_old_faithful
Swamp:1:  nicolae_swamp_ascending_descending_big, layout_falls_marsh,
          evilmike_swamp_ruin_house_3
Swamp:2:  layout_basic_swamp, evilmike_swamp_ruin_rubble_1
Swamp:3:  layout_basic_swamp, evilmike_swamp_ruin_wall
Swamp:4:  swamp_alternative, layout_basic_swamp, uniq_nikola, uniq_mara
Orc:1:    layout_caves, enter_bailey_2, uniq_erica
Orc:2:    st_orc_open, layout_caves

Skill      XL: |  1  2  3  4  5  6  7  8  9 10 11 12 13 14 15 |
---------------+----------------------------------------------+-----
Long Blades    | 2 3 4 6 7 8 9 12 14 16 18 19 | 19.2
Invocations    | 7 8 |  8.0
Dodging        | 3 5 |  5.0
Armour         | 4 6 8 |  8.0
Shields        | 4 |  4.0
Fighting       | 4 7 8 10 13 15 | 15.0

Action                   |  1- 3 |  4- 6 |  7- 9 | 10-12 | 13-15 || total
-------------------------+-------+-------+-------+-------+-------++-------
Melee: Great sword       |    49 |    57 |   134 |   263 |   413 ||   916
       Kick              |       |       |    88 |   120 |   302 ||   510
       Scimitar          |       |       |   270 |   270 |       ||   540
       Unarmed           |       |       |    25 |    17 |       ||    42
       Triple sword      |       |       |       |       |   449 ||   449
Invok: Depart the Abyss  |     1 |       |       |       |       ||     1
       Banish            |       |       |       |     8 |     3 ||    11
       Bend Space        |       |       |       |       |     3 ||     3
  Use: Potion            |     2 |       |     6 |     3 |     5 ||    16
       Scroll            |     3 |       |     1 |    12 |    24 ||    40
 Stab: Distracted        |       |       |       |       |     1 ||     1
Armor: Chain mail        |    59 |    33 |   225 |   365 |       ||   682
       Leather armour    |     1 |       |       |       |       ||     1
       Skin              |       |       |    52 |    16 |       ||    68
       Plate armour      |       |       |       |     9 |   778 ||   787
Dodge: Dodged            |    25 |    25 |    94 |   197 |   382 ||   723
Block: Buckler           |       |       |    45 |    58 |       ||   103
       Rpst.: Great sword |     5 |     5 |     9 |    32 |    36 ||    87
       Scimitar          |       |       |    11 |    20 |       ||    31
       Triple sword      |       |       |       |       |    46 ||    46

Table legend: (Time is in decaauts)
 A = Elapsed time spent in this place.
 B = Non-inter-level travel time spent in this place.
 C = Inter-level travel time spent in this place.
 D = Time resting spent in this place.
 E = Time spent auto-exploring this place.
 F = Levels seen in this place.
 G = Mean time per level.
                   A        B        C        D        E       F      G
               +--------+--------+--------+--------+--------+-----+--------+
         Total |  34122 |  31933 |   2189 |     15 |  27137 |  30 | 1137.4 |
       Dungeon |  13591 |  12352 |   1239 |      0 |  10594 |  12 | 1132.6 |
          Lair |  12283 |  11549 |    734 |      9 |   9929 |   6 | 2047.2 |
         Swamp |   4293 |   4225 |     68 |      6 |   3797 |   4 | 1073.2 |
  Orcish Mines |   2201 |   2056 |    145 |      0 |   1617 |   2 | 1100.5 |
         Abyss |    105 |    105 |      0 |      0 |     56 |   2 |   52.5 |
        Bazaar |     55 |     55 |      0 |      0 |     29 |   1 |   55.0 |
       Ossuary |    384 |    384 |      0 |      0 |    253 |   1 |  384.0 |
        Bailey |    845 |    845 |      0 |      0 |    632 |   1 |  845.0 |
      Ice Cave |    361 |    361 |      0 |      0 |    229 |   1 |  361.0 |
               +--------+--------+--------+--------+--------+-----+--------+

Top non-repeatable levels by time:
  Lair:2: 3442 daAuts
  Lair:3: 2353 daAuts
  Lair:6: 1965 daAuts
 Swamp:2: 1825 daAuts
     D:8: 1749 daAuts
  Lair:1: 1606 daAuts
  Lair:5: 1549 daAuts
     D:4: 1444 daAuts
  Lair:4: 1367 daAuts
 Swamp:3: 1294 daAuts
   Orc:2: 1277 daAuts
     D:5: 1183 daAuts
    D:12: 1166 daAuts
     D:7: 1164 daAuts
 Swamp:1: 1138 daAuts
